 Dungeon Crawl Stone Soup version 0.30-a0-613-gdd512c7efb (webtiles) character file.

Game seed: 13120356094289546163

87 acebull12 the Poker (level 4, -3/29 HPs)
             Began as a Demonspawn Gladiator on Jan 8, 2023.
             Slain by an ogre
             ... wielding a +0 giant club
              (15 damage)
             ... on level 3 of the Dungeon.
             The game lasted 00:07:10 (2641 turns).

acebull12 the Poker (Demonspawn Gladiator)          Turns: 2641, Time: 00:07:11

Health: -3/29      AC:  7    Str: 21    XL:     4   Next: 28%
Magic:  4/4        EV: 12    Int: 15    God:
Gold:   238        SH:  0    Dex: 22    Spells: 3/3 levels left

rFire   . . .      SeeInvis .    a - +0 trident
rCold   x . .      Faith    .    (no shield)
rNeg    . . .      Spirit   .    r - +1 scale mail "Noseikoa" {rPois rC- Str+4}
rPois   +          Reflect  .    (helmet restricted)
rElec   .          Harm     .    (no cloak)
rCorr   .          Rampage  .    (no gloves)
Will    .....      Rage     3%   (no boots)
Stlth   ++                       (no amulet)
HPRegen 0.24/turn                f - +6 ring of intelligence
MPRegen 0.09/turn                m - +6 ring of dexterity

@: no status effects
A: antennae 1, thin skeletal structure 1, demonic guardian 1, berserk 1, frail
1, wild magic 1, sturdy frame 1
a: no special abilities


You were on level 3 of the Dungeon.
You visited 1 branch of the dungeon, and saw 4 of its levels.

You collected 238 gold pieces.

Inventory:

Hand Weapons
 a - a +0 trident (weapon)
Missiles
 d - 3 throwing nets (quivered)
 e - a javelin
Armour
 b - a +0 leather armour
 r - the +1 scale mail "Noseikoa" (worn) {rPois rC- Str+4}
   (You found it on level 2 of the Dungeon)

   Str:       It affects your strength (+4).
   rC:        It makes you vulnerable to cold.
   rPois:     It protects you from poison.
Jewellery
 f - a +6 ring of intelligence (left hand)
 m - a +6 ring of dexterity (right hand)
Scrolls
 c - a scroll of torment {unknown}
 g - a scroll of summoning {unknown}
 h - a scroll of magic mapping {unknown}
 l - 3 scrolls of teleportation
 n - a scroll of blinking {unknown}
 s - a scroll of fog {unknown}
 v - a scroll of noise {unknown}
 x - a scroll of fear {unknown}
 y - a scroll of vulnerability {unknown}
 z - a scroll of enchant armour {unknown}
Potions
 i - a potion of haste {unknown}
 o - 2 potions of curing
 p - 2 potions of brilliance
 t - a potion of berserk rage {unknown}
 u - 2 potions of attraction
 w - a potion of resistance {unknown}
 A - a potion of flight {unknown}


   Skills:
 + Level 2.1 Fighting
 + Level 3.3 Polearms
 - Level 1.7 Throwing
 * Level 1.5 Armour
 + Level 3.2 Dodging
 + Level 1.5 Stealth


You had 3 spell levels left.
You didn't know any spells.
Your spell library contained the following spells:

 Spells                   Type           Power      Damage    Failure   Level
 Magic Dart               Conj           0%         1d3       54%         1
 Call Imp                 Summ           0%         N/A       69%         2
 Ensorcelled Hibernation  Hex/Ice        0%         N/A       69%         2
 Dazzling Flash           Conj/Hex       0%         N/A       88%         3
 Mephitic Cloud           Conj/Pois/Air  0%         N/A       88%         3
 Spider Form              Tmut/Pois      0%         N/A       88%         3
 Anguish                  Hex/Necr       0%         N/A       99%         4
 Agony                    Necr           0%         N/A       100%        5
 Silence                  Hex/Air        0%         N/A       100%        5


Dungeon Overview and Level Annotations

Branches:
Dungeon (4/15)
 Temple: D:4-7

Altars:

Annotations:
D:3 3 runed translucent doors, Menkaure; gelatine's ghost, amateur DsHu


Innate Abilities, Weirdness & Mutations

You have a pair of small antennae on your head.
You have a somewhat thin skeletal structure. (Dex +2, Stealth+)
A weak demonic guardian rushes to your aid.
You sometimes lose your temper in combat.
You are frail. (-10% HP)
Your spells are a little harder to cast, but a little more powerful.
Your movements are slightly less encumbered by armour. (ER -2)


Message History

HP restored.
Done exploring.
As you read the scroll labelled DOINAMP NYLE, it crumbles to dust.
It is a scroll of identify.
p - 2 potions of brilliance
As you read the scroll of identify, it crumbles to dust.
q - 2 potions of mutation
As you read the scroll of identify, it crumbles to dust.
u - 2 potions of attraction Really quaff the potion of mutation?
Uppercase [Y]es or [N]o only, please.
Really quaff the potion of mutation?
You feel extremely strange.
You feel a strange attunement to the structure of the dungeons.
Sorry, you're not good enough to have a special ability.
Really quaff the potion of mutation?
You feel extremely strange.
You feel slightly disoriented.
You feel a little pissed off.
You feel less in control of your magic.
You feel frail.
You feel less encumbered by your armour.
Done exploring.
Done exploring.
As you read the scroll of identify, it crumbles to dust.
l - 3 scrolls of teleportation
There is a stone staircase leading down here.
You climb downwards.
Level annotation: Menkaure The ogre barely misses you.
There is a stone staircase leading up, spattered with blood here.
The ogre hits you with a +0 giant club! Menkaure barely misses you.
You climb upwards.
Level annotation: 3 runed translucent doors, gelatine's ghost, amateur DsHu
There is a stone staircase leading down here.
The ogre attacks as you move away! The ogre barely misses you.
Menkaure points at you and mumbles some strange words.
Pain shoots through your body!
There is a stone staircase leading up here.
The ogre hits you with a +0 giant club!
Ouch! That really hurt!
You die...

......).......# ##.##..[...###.##
.......####.### #....###...##..#
......## #.########.........##..
##...## #..............##..###.
###### ####.........).###..... #
##.....(....# #..... #
#..........# #..... #####
#.OM.......###..... ....####
###@...#####........
.##....#######............######.
....##.#.(..W#..###.####### #.
#.#..###.(...#......# #.
#.##...#...(.+....### #.
#..###.#(....+...## #.
##.##..#..(..+..################.
#.#..##♣...(#.......<...........
#...###.....#..#################


You could see an ogre, Menkaure and gelatine's ghost.

Vanquished Creatures
  2 adders (D:3)
  An ufetubus (D:3)
  A worm (D:2)
  2 dart slugs (D:1)
  7 ball pythons
  6 endoplasms
  A giant cockroach (D:2)
  3 goblins
  2 hobgoblins (D:1)
  3 jackals (D:3)
  4 quokkas
  6 bats
  5 frilled lizards
  8 kobolds
  8 rats (D:1)
59 creatures vanquished.

Vanquished Creatures (collateral kills)
  A hobgoblin (D:4)
1 creature vanquished.

Grand Total: 60 creatures vanquished

Notes
Turn   | Place    | Note
-------+----------+-------------------------------------------
     0 | D:1      | acebull12 the Demonspawn Gladiator began the quest for the
                  | Orb.
     0 | D:1      | Reached XP level 1. HP: 16/16 MP: 1/1
   209 | D:1      | Gained mutation: You have a somewhat thin skeletal
                  | structure. (Dex +2, Stealth+) [demonic ancestry]
   209 | D:1      | Reached XP level 2. HP: 22/22 MP: 2/2
   699 | D:1      | Gained mutation: A weak demonic guardian rushes to your
                  | aid. [demonic ancestry]
   699 | D:1      | Reached XP level 3. HP: 23/27 MP: 3/3
  1005 | D:2      | Reached skill level 1 in Armour
  1007 | D:2      | Reached skill level 1 in Stealth
  1408 | D:2      | Identified the +1 scale mail "Noseikoa" {rPois rC- Str+4}
  1682 | D:3      | Found a runed translucent gate.
  1682 | D:3      | Found a runed translucent gate.
  1682 | D:3      | Found a runed translucent gate.
  1705 | D:3      | Noticed gelatine's ghost (amateur DsHu)
  1821 | D:3      | Gained mutation: You have a pair of small antennae on your
                  | head. [demonic ancestry]
  1821 | D:3      | Reached XP level 4. HP: 33/33 MP: 4/4
  2136 | D:3      | Found a faded altar of an unknown god.
  2259 | D:4      | Noticed Menkaure
  2274 | D:4      | Noticed an ogre
  2505 | D:3      | HP: 2/49 [poisoned by an adder]
  2631 | D:3      | Gained mutation: You passively map a small area around you.
                  | [potion of mutation]
  2632 | D:3      | Lost mutation: You passively map a small area around you.
                  | [potion of mutation]
  2632 | D:3      | Gained mutation: You sometimes lose your temper in combat.
                  | [potion of mutation]
  2632 | D:3      | Gained mutation: Your spells are a little harder to cast,
                  | but a little more powerful. [potion of mutation]
  2632 | D:3      | Gained mutation: You are frail. (-10% HP) [potion of
                  | mutation]
  2632 | D:3      | Gained mutation: Your movements are slightly less
                  | encumbered by armour. (ER -2) [potion of mutation]
  2641 | D:3      | Slain by an ogre

Illustrated notes

Levels and vault maps discovered:
D:1:      dpeg_arrival_ratfight, layout_loops_ring, minmay_3d_cube
D:2:      layout_basic, basic_altar
D:3:      layout_rooms, shapermc_ecumenical_altar_mp_vishouse,
          ebering_ghost_rock_garden
D:4:      layout_loops_ring, uniq_natasha, uniq_menkaure

Skill      XL: |  1  2  3 |
---------------+----------+-----
Dodging        | 3 |  3.2
Polearms       | 3 |  3.3
Armour         | 1 |  1.5
Stealth        | 1 |  1.5
Fighting       | |  2.1
Throwing       | |  1.7

Action                   |  1- 3 |  4- 6 || total
-------------------------+-------+-------++-------
Melee: Trident           |   160 |    15 ||   175
       Punch             |     3 |       ||     3
  Use: Scroll            |       |     4 ||     4
       Potion            |       |     4 ||     4
 Stab: Sleeping          |    16 |     1 ||    17
Armor: Leather armour    |    20 |       ||    20
       Scale mail        |    24 |     9 ||    33
Dodge: Dodged            |    88 |    17 ||   105

Table legend: (Time is in decaauts)
 A = Elapsed time spent in this place.
 B = Non-inter-level travel time spent in this place.
 C = Inter-level travel time spent in this place.
 D = Time resting spent in this place.
 E = Time spent auto-exploring this place.
 F = Levels seen in this place.
 G = Mean time per level.
                   A        B        C        D        E       F      G
               +--------+--------+--------+--------+--------+-----+--------+
         Total |   2668 |   2396 |    272 |    218 |   1618 |   4 |  667.0 |
       Dungeon |   2668 |   2396 |    272 |    218 |   1618 |   4 |  667.0 |
               +--------+--------+--------+--------+--------+-----+--------+

Top non-repeatable levels by time:
     D:1: 947 daAuts
     D:3: 838 daAuts
     D:2: 740 daAuts
     D:4: 141 daAuts
